 Dungeon Crawl Stone Soup version 0.27.1-3-gb3d3a73c9e (webtiles) character file.

Game seed: 11701751580522741080

700511 Turgor the Sorcerer (level 27, -23/221 HPs)
             Began as a Demonspawn Necromancer on Oct 18, 2021.
             Was the Champion of Vehumet.
             Annihilated by a reaper (32 damage)
             ... on level 7 of Tartarus on Oct 21, 2021.
             The game lasted 18:56:03 (66161 turns).

Turgor the Sorcerer (Demonspawn Necromancer)       Turns: 66161, Time: 18:56:05

Health: -23/221    AC: 11    Str: 14    XL:     27
Magic:  0/50       EV:  8    Int: 43    God:    Vehumet [******]
Gold:   1202       SH: 32    Dex: 21    Spells: 4/72 levels left

rFire    + + .     SeeInvis +   k - staff of death
rCold    + + +     Faith    .   H - +18 shield of the Gong {rElec rN+ Will+ EV-5}
rNeg     + + +     Spirit   +   A - +3 leather armour {rC+ rF+}
rPois    +         Reflect  .   (helmet unavailable)
rElec    +         Harm     .   c - +2 cloak {Will+}
rCorr    .         Rampage  .   K - +2 pair of gloves of the Invisible Hand {Int+3}
Will     ++++.                  m - +1 pair of boots "Poadabeu" {Regen+ Int+7}
Stlth    +++++.....             b - amulet of Paranoia {Acrobat rElec rPois Dex+6 Stlth+}
HPRegen  1.46/turn              C - ring of Xom's Whimsicality {rC++ Str+2 Int+6}
MPRegen  0.64/turn              Z - ring "Miozxuh" {rN+ Int+2 Stlth+}

@: lethally poisoned (-23 -> -27), corroded, slowed, studying 2 skills, very
slow
A: antennae 3, molten scales 3, spiny 3, magic shield, magic regeneration, magic
link, corrupting presence 2, word of chaos
}: 5/15 runes: decaying, serpentine, slimy, silver, abyssal
a: Word of Chaos, Renounce Religion


You were on level 7 of Tartarus.
You worshipped Vehumet.
Vehumet was exalted by your worship.
You visited 12 branches of the dungeon, and saw 58 of its levels.
You visited the Abyss 1 time.
You visited 3 bazaars.
You also visited: Sewer, Ossuary, Ice Cave and Volcano.

You collected 9795 gold pieces.
You spent 8593 gold pieces at shops.

Inventory:

Missiles
 a - 25 silver javelins
 d - 1720 stones
 E - 5 throwing nets
 W - 28 curare-tipped darts
Armour
 c - a +2 cloak of willpower (worn)
 m - the +1 pair of boots "Poadabeu" (worn) {Regen+ Int+7}
   (You acquired it on level 7 of the Dungeon)

   Int:       It affects your intelligence (+7).
   Regen:     It increases your rate of health regeneration.
 A - a +3 leather armour of resistance (worn)
 H - the +18 shield of the Gong (worn) {rElec rN+ Will+ EV-5}
   (You acquired it in a bazaar)

   It is deafeningly noisy when blocking attacks.
   EV:        It affects your evasion (-5).
   rElec:     It insulates you from electricity.
   rN:        It protects you from negative energy.
   Will:      It increases your willpower.
 K - the +2 pair of gloves of the Invisible Hand (worn) {Int+3}
   (You acquired it in a bazaar)

   Int:       It affects your intelligence (+3).
Magical Staves
 j - a staff of earth
 k - a staff of death (weapon)
 r - a staff of fire
Jewellery
 b - the amulet of Paranoia (around neck) {Acrobat rElec rPois Dex+6 Stlth+}
   (You acquired it on level 6 of the Lair of Beasts)

   [amulet of the acrobat]

   It increases your evasion while moving and waiting.
   Dex:       It affects your dexterity (+6).
   rElec:     It insulates you from electricity.
   rPois:     It protects you from poison.
   Stlth:     It makes you more stealthy.
 q - the ring of Fing {rPois rF+ rC+ Int+6 Dex-4}
   (You found it on level 5 of the Pits of Slime)

   [ring of intelligence]

   Int:       It affects your intelligence (+6).
   Dex:       It affects your dexterity (-4).
   rF:        It protects you from fire.
   rC:        It protects you from cold.
   rPois:     It protects you from poison.
 C - the ring of Xom's Whimsicality (left hand) {rC++ Str+2 Int+6}
   (You took it off a deep elf high priest on level 3 of the Elven Halls)

   [ring of intelligence]

   Str:       It affects your strength (+2).
   Int:       It affects your intelligence (+6).
   rC:        It greatly protects you from cold.
 R - the amulet of Sawuyqum {Spirit rC+ Will++}
   (You took it off a deep elf knight on level 3 of the Elven Halls)

   [amulet of guardian spirit]

   It causes incoming damage to be divided between your reserves of health and
   magic.
   rC:        It protects you from cold.
   Will:      It greatly increases your willpower.
 Z - the ring "Miozxuh" (right hand) {rN+ Int+2 Stlth+}
   (You took it off a deep elf pyromancer on level 3 of the Elven Halls)

   [ring of positive energy]

   Int:       It affects your intelligence (+2).
   rN:        It protects you from negative energy.
   Stlth:     It makes you more stealthy.
Wands
 M - a wand of digging (9)
 P - a wand of iceblast (91)
 T - a wand of acid (50)
Scrolls
 h - 13 scrolls of enchant weapon
 i - 28 scrolls of teleportation
 l - 8 scrolls of magic mapping
 o - 5 scrolls of blinking
 y - 3 scrolls of fear
 z - 7 scrolls of amnesia
 B - 6 scrolls of enchant armour
 I - 8 scrolls of fog
 J - a scroll of brand weapon
 Q - 8 scrolls of summoning
Potions
 e - 17 potions of curing
 f - 7 potions of lignification
 n - 10 potions of heal wounds
 s - 7 potions of ambrosia
 t - 9 potions of resistance
 u - 6 potions of invisibility
 v - 4 potions of haste
 w - 6 potions of might
 x - 6 potions of magic
 D - 13 potions of mutation
 F - 6 potions of cancellation
 G - 11 potions of flight
 X - 4 potions of brilliance
Miscellaneous
 g - a phantom mirror
 p - a condenser vane
 N - a phial of floods
 S - a lightning rod (4/4)


   Skills:
 + Level 19.1 Fighting
 - Level 5.0 Short Blades
 - Level 7.0 Armour
 - Level 3.1 Dodging
 - Level 5.0 Stealth
 - Level 15.0 Shields
 * Level 23.4 Spellcasting
 - Level 15.7 Conjurations
 * Level 18.1 Necromancy
 - Level 5.0 Fire Magic
 * Level 23.0 Earth Magic


You had 4 spell levels left.
You knew the following spells:

 Your Spells              Type           Power      Damage    Failure   Level
a - Animate Skeleton      Necr           100%       N/A       0%          1
b - Sublimation of Blood  Necr           71%        N/A       0%          2
c - Borgnjor's Vile Clut  Necr/Erth      74%        N/A       0%          5
d - Lehudib's Crystal Sp  Conj/Erth      60%        10d14     1%          8
e - Sandblast             Erth           100%       2d20      0%          1
f - Mephitic Cloud        Conj/Pois/Air  77%        N/A       1%          3
g - Ignition              Fire           37%        3d11      63%         8
i - Infestation           Necr           71%        N/A       1%          8
l - Lee's Rapid Deconstr  Erth           64%        3d30*     0%          5
o - Orb of Destruction    Conj           55%        9d16      1%          7
s - Shatter               Erth           64%        3d47*     1%          9
x - Bolt of Magma         Conj/Fire/Erth 54%        4d22      1%          5
z - Iron Shot             Conj/Erth      60%        9d11      0%          6

Your spell library contained the following spells:

 Spells                   Type           Power      Damage    Failure   Level
 Fire Storm               Conj/Fire      48%        8d12      80%         9
 Chain Lightning          Conj/Air       43%        3d58      98%         9
 Polar Vortex             Ice            25%        N/A       100%        9
 Magic Dart               Conj           100%       1d8       0%          1
 Pain                     Necr           100%       1d9       0%          1
 Shock                    Conj/Air       100%       1d9       0%          1
 Corpse Rot               Necr/Air       N/A        N/A       0%          2
 Passwall                 Tmut/Erth      82%        N/A       0%          2
 Conjure Flame            Conj/Fire      96%        6-21      0%          3
 Stone Arrow              Conj/Erth      100%       3d13      0%          3
 Vampiric Draining        Necr           71%        2d16      0%          3
 Animate Dead             Necr           71%        N/A       0%          4
 Apportation              Tloc           100%       N/A       1%          1
 Corona                   Hex            55%        N/A       1%          1
 Sting                    Tmut/Pois      100%       1d8       1%          1
 Summon Small Mammal      Summ           100%       N/A       1%          1
 Blink                    Tloc           N/A        N/A       1%          2
 Call Imp                 Summ           50%        N/A       1%          2
 Ensorcelled Hibernation  Hex/Ice        100%       N/A       1%          2
 Poisonous Vapours        Pois/Air       100%       N/A       1%          2
 Slow                     Hex            50%        N/A       1%          2
 Call Canine Familiar     Summ           50%        N/A       1%          3
 Confusing Touch          Hex            50%        N/A       1%          3
 Dazzling Flash           Conj/Hex       100%       N/A       1%          3
 Frozen Ramparts          Ice            100%       1d12      1%          3
 Ignite Poison            Fire/Tmut/Pois 59%        N/A       1%          3
 Lesser Beckoning         Tloc           25%        N/A       1%          3
 Ozocubu's Armour         Ice            50%        N/A       1%          3
 Portal Projectile        Hex/Tloc       100%       N/A       1%          3
 Spider Form              Tmut/Pois      25%        N/A       1%          3
 Summon Guardian Golem    Hex/Summ       50%        N/A       1%          3
 Swiftness                Air            50%        N/A       1%          3
 Airstrike                Air            25%        N/A       1%          4
 Animate Armour           Summ/Erth      100%       N/A       1%          4
 Fulminant Prism          Conj/Hex       43%        3d20      1%          4
 Hailstorm                Conj/Ice       87%        3d17      1%          4
 Iskenderun's Mystic Bla  Conj/Tloc      87%        2d17      1%          4
 Leda's Liquefaction      Hex/Erth       49%        N/A       1%          4
 Olgreb's Toxic Radiance  Pois           50%        N/A       1%          4
 Petrify                  Tmut/Erth      99%        N/A       1%          4
 Sticky Flame             Conj/Fire      96%        2d11      1%          4
 Ice Form                 Ice/Tmut       50%        N/A       4%          4
 Passage of Golubria      Tloc           N/A        N/A       4%          4
 Summon Ice Beast         Ice/Summ       50%        N/A       4%          4
 Summon Lightning Spire   Summ/Air       50%        N/A       4%          4
 Agony                    Necr           100%       N/A       0%          5
 Iskenderun's Battlesphe  Conj           100%       2d15      0%          5
 Fireball                 Conj/Fire      48%        3d19      1%          5
 Freezing Cloud           Conj/Ice/Air   38%        6-21      1%          5
 Irradiate                Conj/Tmut      43%        3d28      1%          5
 Lightning Bolt           Conj/Air       43%        1d63      1%          5
 Conjure Ball Lightning   Conj/Air       43%        3x3d15    1%          6
 Death Channel            Necr           71%        N/A       1%          6
 Simulacrum               Ice/Necr       56%        N/A       1%          6
 Starburst                Conj/Fire      48%        6d13      1%          6
 Statue Form              Tmut/Erth      66%        N/A       1%          6
 Borgnjor's Revivificati  Necr           71%        N/A       1%          8
 Yara's Violent Unravell  Hex/Tmut       25%        3d11      3%          5
 Spellforged Servitor     Conj/Summ      43%        N/A       4%          7
 Alistair's Intoxication  Tmut/Pois      33%        N/A       12%         5
 Blade Hands              Tmut           25%        N/A       12%         5
 Manifold Assault         Tloc           50%        N/A       12%         5
 Metabolic Englaciation   Hex/Ice        25%        N/A       12%         5
 Silence                  Hex/Air        25%        N/A       12%         5
 Summon Forest            Summ/Tloc      25%        N/A       12%         5
 Summon Mana Viper        Hex/Summ       50%        N/A       12%         5
 Eringya's Noxious Bog    Tmut/Pois      25%        N/A       17%         6
 Death's Door             Necr           71%        N/A       26%         9
 Dispersal                Tloc           25%        N/A       54%         6
 Invisibility             Hex            25%        N/A       54%         6
 Shadow Creatures         Summ           N/A        N/A       54%         6
 Necromutation            Tmut/Necr      56%        N/A       56%         8
 Ozocubu's Refrigeration  Ice            25%        4d10      63%         7
 Dragon Form              Tmut           25%        N/A       98%         7
 Malign Gateway           Summ/Tloc      25%        N/A       98%         7
 Monstrous Menagerie      Summ           25%        N/A       98%         7
 Storm Form               Tmut/Air       25%        N/A       98%         7
 Maxwell's Capacitive Co  Air            25%        ∞         99%         8
 Disjunction              Tloc           25%        N/A       100%        8
 Summon Horrible Things   Summ           25%        N/A       100%        8


Dungeon Overview and Level Annotations

Branches:
Dungeon (15/15)            Temple (1/1) D:6            Lair (6/6) D:10
  Swamp (4/4) Lair:2        Snake (4/4) Lair:4        Slime (5/5) Lair:5
    Orc (2/2) D:11            Elf (3/3) Orc:2        Vaults (5/5) D:14
  Crypt (0/3) Vaults:2     Depths (5/5) D:15           Hell (visited)
    Tar (7/7) Hell            Zot (0/5) Depths:5      Sewer (visited)
Ossuary (visited)           IceCv (visited)         Volcano (visited)
    Dis: Hell:1         Geh: Hell:1         Coc: Hell:1

Altars:
Ashenzari
Elyvilon
Fedhas
Gozag
Okawaru
Ru
Sif Muna
Trog
Uskayaw
Vehumet
Wu Jian
Xom
Yredelemnul
Zin
The Shining One
Beogh
Jiyva
Lugonu

Shops:
D:2 *   D:4 !(=[(   D:7 ?   D:9 !   Orc:2 =?*?   Elf:1 [   Elf:3 ==:
Snake:2 =   Snake:4 (   Vaults:3 ((*!   Vaults:4 *:**   Depths:1 *   Depths:3 *
Depths:4 ([[   Depths:5 !?=(

Portals:
Hell: Depths:1 Depths:2 Depths:3 Depths:4 Depths:5
Abyss: Depths:2 Depths:4 Depths:5
Pandemonium: Depths:3 Depths:5
Ziggurat: Depths:2

Annotations:
Elf:2 2 runed translucent doors
Vaults:2 exclusion: 3 doors
Tar:3 exclusion: oklob plant
Tar:7 Ereshkigal, Serpent of Hell


Innate Abilities, Weirdness & Mutations

You have a pair of large antennae on your head. (SInv)
You are completely covered in molten scales. (AC +4, rF+)
You are completely covered in sharp spines.
When hurt, damage is shared between your health and your magic reserves.
You regenerate magic rapidly.
When low on magic, you restore magic in place of health.
Your presence sometimes corrodes or deforms those you injure.
You can speak a Word of Chaos.


Message History

Blink to where?
Press: ? - help, Dir - move target
As you read the scroll of blinking, it crumbles to dust.
Your surroundings suddenly seem different.
A shadow dragon, a crimson imp, 3 reapers, a soul eater, a shadow wraith and a flying skull come into view.
A reaper is wielding a +2 scythe of venom.
A reaper is wielding a +1 vampiric scythe.
The crimson imp is wielding a +3 flail of draining.
A reaper is wielding a +6 scythe of freezing.
You feel extremely sick.
The crimson imp shouts!
A flying skull comes into view.
The shadow dragon breathes negative energy at you.
The bolt of negative energy hits you but does no damage.
You resist. You block the reaper's attack.
SHROANNG!
The reaper hits you with a +6 scythe of freezing!!!
* * * LOW HITPOINT WARNING * * *
The reaper freezes you.
* * * LOW HITPOINT WARNING * * *
The reaper says, "Everyone has to die sometime, and your time is now."
You block the reaper's attack.
BOUMMMMG!
You hear a hideous shriek! x2; You hear a deafening roar!
You feel much better.
You feel extremely sick. You block the reaper's attack.
GONNNNG!
You block the shadow dragon's attack.
GONNNNG!
You block the shadow dragon's attack.
PANG!
The shadow dragon barely misses you. You block the soul eater's attack.
GONNNNG!
The shadow dragon is struck by your spines.
The shadow dragon bites you!
* * * LOW HITPOINT WARNING * * *
The shadow dragon claws you.
* * * LOW HITPOINT WARNING * * *
The shadow dragon claws you.
* * * LOW HITPOINT WARNING * * *
The crimson imp blinks!
The reaper hits you from afar with a +0 scythe of venom!!
You die...

...............
###......#....)'
.............##
..§2..........#
23W#....∩....#.##
##...............# .
###.2...÷........... .
###....3D.............
.
...zz.z@D.............
.
...z...2..............
.
#.....................
#
######.....#.#.#.....#
#....#..#.......#
#...##..###..... #####
##


You could see 2 shadow dragons, 4 reapers, 2 soul eaters, a shadow wraith
(invisible) and 4 flying skulls.

Vanquished Creatures
  the Royal Jelly (Slime:5)
  Dissolution (Slime:3)
  7 dread liches
  2 ancient liches
  A juggernaut (Depths:2)
  Boris (thrice) (Vaults:2 Depths:3 Depths:5)
  The ghost of SlowGraham the Earth Mage, a veteran FoEE of Vehumet (Elf:2)
  Frederick (Vaults:5)
  Vashnia (Snake:3)
  Xtahua (Depths:3)
  A caustic shrike (Depths:4)
  Geryon (Hell)
  The ghost of Camaan the Warrior, an adept DgCj (Depths:4)
  3 golden dragons
  8 bone dragons
  6 doom hounds
  7 Tzitzimimeh
  3 tentacled monstrosities
  2 liches
  A quicksilver dragon (Vaults:5)
  3 deep elf blademasters (Elf:3)
  5 titans (Vaults:5)
  14 acid blobs
  An Executioner (Abyss:3)
  5 sphinxes
  4 tentacled starspawn (Abyss:3)
  The ghost of popps the Tortoise, an adept MiBe of Trog (Swamp:2)
  8 shadow dragons
  2 thorn hunters
  10 tengu reavers
  2 revenants
  2 fenstrider witches (Swamp:2)
  9 rockslimes
  A draconian monk (Depths:5)
  12 fire giants
  15 nagarajas
  12 azure jellies
  2 iron dragons
  10 deep elf sorcerers
  3 cacodemons (Abyss:3)
  A draconian knight (Abyss:3)
  An orc warlord (Vaults:4)
  2 balrugs (Depths:3)
  14 vault wardens
  Louise (Swamp:1)
  4 frost giants
  A draconian stormcaller (Depths:5)
  2 spriggan defenders (Depths:3)
  3 war gargoyles
  35 very ugly things
  Aizul (Depths:2)
  11 quicksilver oozes
  12 ghouls (Tar:3)
  21 ironbound preservers
  A quicksilver ooze (shapeshifter) (Vaults:5)
  9 deep elf elementalists
  13 reapers
  20 stone giants
  The ghost of PanSaczeczos the Unforgettable, a journeyman DsIE of Hepliaklqana (Orc:2)
  9 deep elf demonologists
  5 vampire knights
  2 green draconians (Depths:5)
  A yellow draconian (Depths:5)
  6 bunyips
  3 lorocyprocas (Hell)
  4 spark wasps (Depths:3)
  A red draconian (Depths:5)
  An entropy weaver (Vaults:3)
  6 deep elf annihilators
  2 bunyips (shapeshifter)
  A black draconian (Depths:5)
  3 dire elephants
  A crystal guardian (Vaults:4)
  4 deep elf death magi
  A purple draconian (Depths:5)
  5 eleionomae
  13 fire dragons
  8 jiangshi
  9 ettins
  A green death (Tar:3)
  9 deep elf high priests
  A shambling mangrove (Swamp:4)
  15 yaktaur captains
  5 spriggan air magi
  A hell beast (Depths:3)
  5 rakshasas
  24 hydras
  6 ice dragons
  9 great orbs of eyes
  27 vault guards
  A peacekeeper (Vaults:4)
  5 salamander tyrants
  18 naga warriors
  3 boulder beetles
  5 ironbound thunderhulks
  2 ogre magi
  5 anacondas (Snake:2)
  A catoblepas (Lair:6)
  2 ghost crabs
  9 two-headed ogres
  11 centaur warriors
  6 tengu warriors
  31 dancing weapons
  6 ironbound frosthearts
  7 alligators
  Urug (D:10)
  3 thrashing horrors (Abyss:3)
  9 death yaks
  10 hell hogs
  5 deep troll earth magi
  A two-headed ogre (shapeshifter) (Elf:2)
  3 ironbound beastmasters
  5 spriggan berserkers
  16 deep troll shamans
  9 vampire magi
  4 orc high priests (Orc:2)
  17 naga sharpshooters
  10 sun demons
  14 deep elf knights
  2 wretched stars (Abyss:3)
  2 storm dragon zombies
  A fire crab (shapeshifter) (D:13)
  30 hell knights
  5 shock serpents
  2 titan skeletons
  11 iron trolls
  12 soul eaters
  3 sixfirhies
  7 salamander mystics
  A fire crab (Lair:6)
  11 spriggans
  2 flayed ghosts
  2 goliath frogs (Swamp:3)
  A death drake (shapeshifter) (D:14)
  40 skeletal warriors
  9 glowing orange brains
  2 death drakes
  8 shadow wraiths
  2 golden dragon zombies
  A sea snake (shapeshifter) (Depths:5)
  71 deep trolls
  4 spriggan druids
  8 swamp dragons
  A swamp dragon (shapeshifter) (Vaults:5)
  An obsidian statue (Volcano)
  3 anaconda zombies
  4 bog bodies (Swamp:2)
  15 deep elf archers
  An orange crystal statue (Vaults:1)
  13 phantasmal warriors
  14 orc knights
  4 naga ritualists
  6 shadow demons
  29 deep elf zephyrmancers
  2 golden dragon skeletons (Tar:6)
  20 ironbound convokers
  16 wizards
  7 lindwurms
  10 harpies
  A harpy (shapeshifter) (D:14)
  33 deep elf pyromancers
  5 shining eyes
  6 mana vipers
  27 large abominations (Abyss:3)
  7 orc sorcerers
  9 will-o-the-wisps
  2 shadow dragon zombies
  60 ugly things
  3 frost giant zombies
  11 necromancers
  4 shadow dragon skeletons
  An oklob plant (Lair:2)
  30 salamanders
  5 manticores
  2 stone giant zombies (Tar:7)
  A sphinx skeleton (Depths:3)
  2 stone giant skeletons
  A dire elephant zombie (Tar:1)
  5 cyclopes
  An ice statue (IceCv)
  A tengu skeleton (Depths:3)
  A guardian serpent (shapeshifter) (Elf:1)
  3 gargoyles
  11 vault sentinels
  8 guardian serpents
  4 rust devils (Hell)
  22 black mambas
  An orange demon (Abyss:3)
  The ghost of othur the Cleaver, a novice MiMo (D:5)
  17 naga magi
  The ghost of Borgoz the Slasher, a novice HuBe of Trog (D:7)
  14 elephants
  3 molten gargoyles (Hell)
  3 hellions
  The ghost of Crownlay the Shield-Bearer, a novice FoFi of Kikubaaqudgha (D:4)
  A torpor snail (shapeshifter) (Depths:4)
  An eye of devastation (Slime:4)
  16 smoke demons
  5 komodo dragons
  11 cane toads
  13 freezing wraiths
  31 yaktaurs
  A kobold demonologist (D:7)
  Psyche (D:11)
  An unseen horror (D:11)
  7 tormentors
  An efreet (Abyss:3)
  6 rime drakes
  16 ice devils
  3 entropy weaver simulacra (IceCv)
  7 tengu conjurers
  A demonic crawler (Abyss:3)
  A red devil (Hell)
  2 hydra zombies (Tar:2)
  6 ancient zymes (Abyss:3)
  6 trolls
  5 tyrant leeches
  2 polar bears (Lair:4)
  A merfolk (shapeshifter) (Vaults:4)
  2 bloated husks (Swamp:1)
  12 hornets
  2 meliai zombies
  24 blink frogs
  A fire dragon zombie (Tar:3)
  2 harpy skeletons
  A frost giant simulacrum (Depths:3)
  9 raiju (Abyss:3)
  113 slime creatures
  A slime creature (shapeshifter) (Vaults:5)
  2 human simulacra
  22 dream sheep
  An ice dragon zombie (Tar:6)
  A snapping turtle (shapeshifter) (Vaults:5)
  6 starcursed masses
  4 air elementals
  9 flying skulls
  2 elf skeletons (Vaults:4)
  An ettin zombie (Tar:2)
  2 redbacks (Vaults:3)
  3 water elementals
  3 shadows
  7 wraiths
  A tarantella (Vaults:3)
  2 wyverns
  A fire dragon skeleton (Tar:6)
  A vampire (D:12)
  6 fire elementals
  6 fire bats (Volcano)
  26 yaks
  3 dire elephant simulacra (IceCv)
  2 ettin skeletons
  2 elf simulacra
  6 ynoxinuls (Abyss:3)
  3 golden eyes
  A chaos spawn (Abyss:3)
  6 basilisks
  A steam dragon (D:10)
  A human (D:8)
  3 neqoxecs
  A yaktaur simulacrum (Vaults:4)
  4 vampire mosquitoes (D:13)
  2 death yak simulacra (IceCv)
  Edmund (D:6)
  5 wargs
  4 harpy simulacra (IceCv)
  12 swamp worms
  A spatial vortex (Abyss:3)
  35 nagas
  A cane toad zombie (Tar:6)
  An acid dragon (D:10)
  8 hell hounds
  A floating eye (shapeshifter) (Vaults:5)
  2 floating eyes (Abyss:3)
  13 water moccasins
  30 orc warriors
  19 small abominations (Abyss:3)
  5 swamp drakes
  An ettin simulacrum (Vaults:4)
  2 black bears (Lair:6)
  A snapping turtle zombie (Tar:6)
  A fire dragon simulacrum (Hell)
  An alligator simulacrum (Abyss:3)
  13 ogres
  A human skeleton (Vaults:3)
  25 necrophages
  4 centaurs
  9 wolves
  A snapping turtle skeleton (Tar:2)
  7 phantoms
  11 bullfrogs
  12 kobold brigands
  5 earth elementals
  7 gnoll sergeants
  8 cane toad simulacra (IceCv)
  A wyvern zombie (D:6)
  A scorpion (D:6)
  A wyvern skeleton (D:5)
  A water moccasin skeleton (D:7)
  8 killer bees
  An elephant simulacrum (IceCv)
  24 wights
  2 vampire bats (Orc:1)
  4 centaur zombies
  An electric eel (Lair:6)
  2 howler monkeys (D:13)
  14 lava snakes
  3 human zombies
  Crazy Yiuf (D:2)
  A bullfrog skeleton (D:4)
  27 orc priests
  3 hounds
  26 orc wizards
  4 iguanas
  4 hell rats (Hell)
  5 polar bear simulacra (IceCv)
  2 spriggan simulacra (IceCv)
  4 wolf simulacra (IceCv)
  2 killer bee zombies
  4 mummies (Ossuary)
  19 gnolls
  3 naga simulacra (IceCv)
  7 adders
  A river rat (Sewer)
  8 shadow imps
  2 white imps
  3 ufetubi
  A worm (D:2)
  4 dart slugs
  66 orcs
  5 endoplasms
  7 giant cockroaches
  A gnoll zombie (Ossuary)
  6 goblins
  3 hobgoblins
  4 jackals (D:1)
  2 quokkas
  3 training dummies (Snake:4)
  15 ball pythons
  18 bats
  3 frilled lizards
  2 goblin zombies (Ossuary)
  2 hobgoblin zombies (Ossuary)
  38 kobolds
  2 kobold zombies (Ossuary)
  An orc zombie (Tar:2)
  A quokka skeleton (D:4)
  17 rats
  A foxfire (Abyss:3)
  3 withered plants (Tar:3)
2517 creatures vanquished.

Vanquished Creatures (collateral kills)
  An ironbound preserver (Vaults:2)
  2 swamp dragons (Swamp:4)
  A harpy (Vaults:1)
  4 ugly things
  A salamander (Snake:2)
  A black mamba (Snake:2)
  A vault sentinel (Vaults:1)
  A komodo dragon (D:10)
  A polar bear (Lair:4)
  A jumping spider (Vaults:3)
  A slime creature (Vaults:1)
  2 blink frogs (Lair:6)
  A spriggan (Swamp:1)
  A fire elemental (Elf:2)
  2 swamp worms (Swamp:4)
  A swamp drake (Swamp:4)
  An orc warrior (D:11)
  An ogre (D:11)
  A bullfrog (Lair:3)
  2 killer bees (D:9)
  2 kobolds (Sewer)
  11 rats (Sewer)
40 creatures vanquished.

Vanquished Creatures (others)
  A glowing orange brain (Abyss:3)
  A spriggan druid (Swamp:1)
  A deep elf zephyrmancer (Elf:2)
  23 foxfires
  39 fungi
  53 plants
  2 withered plants (Tar:3)
120 creatures vanquished.

Grand Total: 2677 creatures vanquished

Notes
Turn   | Place    | Note
-------+----------+-------------------------------------------
     0 | D:1      | Turgor the Demonspawn Necromancer began the quest for the
                  | Orb.
     0 | D:1      | Reached XP level 1. HP: 13/13 MP: 3/3
   449 | D:1      | Gained mutation: You are partially covered in molten
                  | scales. (AC +2) [demonic ancestry]
   449 | D:1      | Reached XP level 2. HP: 18/19 MP: 3/5
   558 | D:1      | Learned a level 1 spell: Animate Skeleton
   685 | D:1      | Found a faded altar of an unknown god.
  1200 | D:1      | Gained mutation: You have a pair of small antennae on your
                  | head. [demonic ancestry]
  1200 | D:1      | Reached XP level 3. HP: 22/24 MP: 3/6
  1599 | D:2      | Learned a level 3 spell: Vampiric Draining
  2007 | D:2      | Reached skill level 5 in Necromancy
  2017 | D:2      | Found Tytab's General Store.
  2028 | D:2      | Bought a potion of might for 44 gold pieces
  2158 | D:2      | Gained mutation: You have a pair of antennae on your head.
                  | [demonic ancestry]
  2158 | D:2      | Reached XP level 4. HP: 25/30 MP: 1/8
  2417 | D:2      | Found a runed translucent door.
  2557 | D:2      | Learned a level 3 spell: Stone Arrow
  2797 | D:3      | Noticed a bullfrog
  2871 | D:3      | Found a radiant altar of Vehumet.
  2881 | D:3      | Became a worshipper of Vehumet
  3271 | D:4      | Noticed a bullfrog
  3279 | D:4      | Killed a bullfrog
  3280 | D:4      | Reached skill level 1 in Fighting
  3280 | D:4      | Reached skill level 1 in Conjurations
  3280 | D:4      | Reached skill level 1 in Earth Magic
  3280 | D:4      | Reached XP level 5. HP: 14/37 MP: 0/10
  3371 | D:4      | Found Belot's Weapon Emporium.
  3384 | D:4      | Found Monwe's Jewellery Boutique.
  3395 | D:4      | Noticed an ogre
  3520 | D:4      | Found Puvorchi's Distillery.
  3528 | D:4      | Bought a potion of attraction for 42 gold pieces
  3708 | D:4      | Noticed a black bear
  3744 | D:4      | Gained mutation: You are mostly covered in molten scales.
                  | (AC +3) [demonic ancestry]
  3744 | D:4      | Reached XP level 6. HP: 30/44 MP: 4/11
  3769 | D:4      | Found Vepnytea's Antique Weapon Shoppe.
  3784 | D:4      | Found Sokhian's Armour Boutique.
  3813 | D:4      | Found a sand-covered staircase.
  3823 | Ossuary  | Entered an ossuary
  3962 | Ossuary  | Reached * piety under Vehumet
  3962 | Ossuary  | Offered knowledge of Sandblast by Vehumet.
  3965 | Ossuary  | Learned a level 1 spell: Sandblast
  4549 | D:3      | Found a hide-covered altar of Uskayaw.
  4629 | D:3      | Found a blossoming altar of Fedhas.
  4839 | D:2      | Noticed Crazy Yiuf
  5147 | D:2      | Killed Crazy Yiuf
  5380 | D:4      | Found a runed translucent door.
  5421 | D:4      | Noticed Crownlay's ghost (novice FoFi)
  5783 | D:4      | Gained mutation: You have a pair of large antennae on your
                  | head. (SInv) [demonic ancestry]
  5783 | D:4      | Reached XP level 7. HP: 51/51 MP: 2/13
  5799 | D:5      | Entered Level 5 of the Dungeon
  5852 | D:5      | Found a glowing drain.
  5876 | Sewer    | Entered a sewer
  6001 | Sewer    | Reached ** piety under Vehumet
  6001 | Sewer    | Offered knowledge of Poisonous Vapours by Vehumet.
  6219 | Sewer    | Offered knowledge of Mephitic Cloud by Vehumet.
  6228 | Sewer    | Reached *** piety under Vehumet
  6233 | Sewer    | Learned a level 3 spell: Mephitic Cloud
  7004 | D:5      | Found a runed translucent door.
  7004 | D:5      | Noticed othur's ghost (novice MiMo)
  7032 | D:5      | You fall into a shaft and drop 3 floors!
  7032 | D:8      | Noticed a wyvern
  7048 | D:8      | Killed a wyvern
  7048 | D:8      | Offered knowledge of Dazzling Flash by Vehumet.
  7049 | D:8      | Reached skill level 5 in Spellcasting
  7061 | D:7      | Found a shimmering blue altar of Sif Muna.
  7095 | D:7      | Gained mutation: You regenerate magic rapidly. [demonic
                  | ancestry]
  7095 | D:7      | Reached XP level 8. HP: 31/58 MP: 9/15
  7797 | D:5      | Reached skill level 5 in Conjurations
  7855 | D:5      | Killed othur's ghost
  8127 | D:6      | Found an opulent altar of Gozag.
  8127 | D:6      | Noticed Edmund
  8141 | D:6      | Killed Edmund
  8299 | D:6      | Identified a scroll of acquirement
  8405 | D:6      | Found a staircase to the Ecumenical Temple.
  8417 | Temple   | Entered the Ecumenical Temple
  8477 | D:6      | Reached XP level 9. HP: 65/66 MP: 7/19
  9005 | D:4      | Killed Crownlay's ghost
  9006 | D:4      | Reached skill level 5 in Fighting
  9166 | D:7      | Found Luheva Toesi's Magic Scroll Shop.
  9169 | D:7      | Bought a scroll of identify for 24 gold pieces
  9169 | D:7      | Bought a scroll of amnesia for 42 gold pieces
  9169 | D:7      | Bought a scroll of identify for 24 gold pieces
  9229 | D:7      | Found a runed translucent gate.
  9229 | D:7      | Noticed a kobold demonologist
  9229 | D:7      | Noticed Borgoz's ghost (novice HuBe)
  9234 | D:7      | Reached **** piety under Vehumet
  9275 | D:7      | Found a runed translucent gate.
  9275 | D:7      | Found a runed translucent gate.
  9757 | D:7      | Bought a scroll of identify for 24 gold pieces
  9757 | D:7      | Bought a scroll of summoning for 114 gold pieces
  9790 | D:8      | Found a broken altar of Ashenzari.
  9872 | D:8      | Offered knowledge of Bolt of Magma by Vehumet.
  9906 | D:8      | Found a runed translucent door.
  9907 | D:8      | Found a basalt altar of Yredelemnul.
 10030 | D:8      | Learned a level 5 spell: Bolt of Magma
 10064 | D:8      | Found a sacrificial altar of Ru.
 10616 | D:9      | Identified the +2 rapier of Fragile Peace {flame, rF+
                  | Dex+8}
 10641 | D:9      | Reached ***** piety under Vehumet
 10641 | D:9      | Offered knowledge of Orb of Destruction by Vehumet.
 10660 | D:9      | Reached XP level 10. HP: 66/76 MP: 13/22
 10842 | D:9      | Found Enunooq's Distillery.
 10911 | D:9      | Found a shimmering altar of Xom.
 10966 | D:9      | Noticed a two-headed ogre
 10979 | D:9      | Killed a two-headed ogre
 10980 | D:9      | Reached skill level 5 in Earth Magic
 11334 | D:10     | Entered Level 10 of the Dungeon
 11397 | D:10     | Noticed a gargoyle
 11400 | D:10     | Killed a gargoyle
 11465 | D:10     | Reached skill level 1 in Short Blades
 11473 | D:10     | Learned a level 7 spell: Orb of Destruction
 11531 | D:10     | Noticed a death yak
 11543 | D:10     | Noticed Urug
 11545 | D:10     | Noticed a death yak
 11547 | D:10     | Noticed a death yak
 11553 | D:10     | Killed Urug
 11663 | D:10     | Killed a death yak
 11664 | D:10     | Gained mutation: When hurt, damage is shared between your
                  | health and your magic reserves. [demonic ancestry]
 11664 | D:10     | Reached XP level 11. HP: 74/83 MP: 14/24
 11720 | D:10     | Killed a death yak
 11977 | D:10     | Killed a death yak
 12064 | D:10     | Found a staircase to the Lair.
 12548 | D:10     | Found an iron altar of Okawaru.
 12738 | D:11     | Noticed an orc knight
 12800 | Lair:1   | Entered Level 1 of the Lair of Beasts
 13287 | Lair:1   | Reached skill level 10 in Conjurations
 13912 | Lair:2   | Found a staircase to the Swamp.
 14420 | Lair:2   | Reached skill level 10 in Spellcasting
 14618 | Lair:2   | Noticed an oklob plant
 14923 | Lair:3   | Noticed a seven-headed hydra
 14928 | Lair:3   | Killed a seven-headed hydra
 14929 | Lair:3   | Reached XP level 12. HP: 91/91 MP: 22/26
 15079 | Lair:3   | Offered knowledge of Iron Shot by Vehumet.
 15088 | Lair:3   | Learned a level 6 spell: Iron Shot
 15323 | Lair:3   | Noticed a boulder beetle
 15634 | Lair:3   | Killed a boulder beetle
 16212 | Lair:4   | Noticed a five-headed hydra
 16231 | Lair:4   | Killed a five-headed hydra
 16489 | Lair:4   | Found a staircase to the Snake Pit.
 17182 | Lair:5   | Reached XP level 13. HP: 99/99 MP: 22/28
 17220 | Lair:5   | Found a dark tunnel.
 17225 | Volcano  | Entered a volcano
 17586 | Volcano  | Reached skill level 5 in Short Blades
 17587 | Volcano  | Found a radiant altar of Vehumet.
 17602 | Volcano  | Learned a level 5 spell: Lee's Rapid Deconstruction
 17805 | Lair:5   | Found a viscous altar of Jiyva.
 17806 | Lair:5   | Found a staircase to the Slime Pits.
 18545 | Lair:6   | Entered Level 6 of the Lair of Beasts
 19099 | Lair:6   | Reached skill level 10 in Earth Magic
 19235 | Lair:6   | Offered knowledge of Yara's Violent Unravelling by Vehumet.
 20254 | Lair:6   | Reached skill level 1 in Fire Magic
 20596 | Lair:6   | Reached XP level 14. HP: 108/108 MP: 19/30
 20878 | Lair:6   | Identified the +7 arbalest "Kuank" {vorpal, Fly rC- Str+6
                  | SInv}
 20884 | Lair:6   | Got Sif Muna's Almanac of Vitriolic Feathers
 21112 | Lair:6   | Acquired a book of the Spheres
 21115 | Lair:6   | Acquired 696 gold pieces
 21117 | Lair:6   | Acquired the amulet of Paranoia {Acrobat rElec rPois Dex+6
                  | Stlth+}
 21301 | D:7      | Bought a scroll of acquirement for 624 gold pieces
 21301 | D:7      | Acquired the +1 pair of boots "Poadabeu" {Regen+ Int+7}
 21365 | D:7      | Killed Borgoz's ghost
 21706 | D:9      | Bought a potion of resistance for 130 gold pieces
 21706 | D:9      | Bought a potion of heal wounds for 65 gold pieces
 21706 | D:9      | Bought 2 potions of invisibility for 208 gold pieces
 21706 | D:9      | Bought a potion of flight for 39 gold pieces
 21706 | D:9      | Bought a potion of heal wounds for 65 gold pieces
 21706 | D:9      | Bought a potion of flight for 39 gold pieces
 21763 | D:7      | Bought a scroll of amnesia for 42 gold pieces
 21763 | D:7      | Bought a scroll of magic mapping for 42 gold pieces
 21763 | D:7      | Bought a scroll of enchant weapon for 90 gold pieces
 22111 | D:11     | Identified the amulet "Castihao" {Faith rC+ rN+}
 22290 | D:11     | Found a staircase to the Orcish Mines.
 22387 | D:11     | Found a bloodstained altar of Trog.
 22570 | D:11     | Noticed Psyche
 22572 | D:11     | Killed Psyche
 22685 | D:11     | You fall into a shaft and drop 1 floor!
 22804 | D:12     | Found a frozen archway.
 22838 | IceCv    | Entered an ice cave
 23114 | IceCv    | Offered knowledge of Freezing Cloud by Vehumet.
 23121 | IceCv    | Learned a level 2 spell: Sublimation of Blood
 23502 | IceCv    | Found an ancient bone altar of Kikubaaqudgha.
 23519 | IceCv    | Reached ****** piety under Vehumet
 23667 | IceCv    | Reached skill level 1 in Armour
 24858 | Orc:1    | Entered Level 1 of the Orcish Mines
 25248 | Orc:1    | Reached skill level 5 in Fire Magic
 25481 | Orc:2    | Entered Level 2 of the Orcish Mines
 25654 | Orc:2    | Found a runed translucent gate.
 25655 | Orc:2    | Found a runed translucent gate.
 25656 | Orc:2    | Found a runed translucent gate.
 25732 | Orc:2    | Offered knowledge of Ozocubu's Refrigeration by Vehumet.
 26051 | Orc:2    | Reached skill level 5 in Stealth
 26052 | Orc:2    | Noticed PanSaczeczos's ghost (journeyman DsIE)
 26152 | Orc:2    | Found a staircase to the Elven Halls.
 26275 | Orc:2    | Reached XP level 15. HP: 114/114 MP: 27/31
 26491 | Orc:2    | Found Fyemerus's Magic Scroll Boutique.
 26501 | Orc:2    | Found Ledgh's Magic Scroll Emporium.
 26507 | Orc:2    | Found Guich's Jewellery Boutique.
 26509 | Orc:2    | Found Hoifauru's General Store.
 26521 | Orc:2    | Bought a scroll of teleportation for 39 gold pieces
 26531 | Orc:2    | Bought a scroll of fog for 36 gold pieces
 26531 | Orc:2    | Bought a scroll of amnesia for 63 gold pieces
 26531 | Orc:2    | Bought a scroll of fog for 36 gold pieces
 26531 | Orc:2    | Bought a scroll of magic mapping for 63 gold pieces
 26998 | Orc:2    | Killed PanSaczeczos's ghost
 28439 | D:14     | Offered knowledge of Spellforged Servitor by Vehumet.
 28440 | D:14     | Reached skill level 10 in Fighting
 28440 | D:14     | Reached skill level 1 in Shields
 28530 | D:14     | Found a gate to the Vaults.
 29283 | D:15     | Entered Level 15 of the Dungeon
 30357 | D:15     | Noticed a frost giant
 30357 | D:15     | Found a staircase to the Depths.
 30378 | D:15     | Killed a frost giant
 30808 | Snake:1  | Entered Level 1 of the Snake Pit
 30822 | Snake:1  | Found a flickering gateway to a bazaar.
 30833 | Bazaar   | Entered a bazaar
 30918 | Bazaar   | Found Avvim Nut's Assorted Antiques.
 30934 | Bazaar   | Found Pegeff's Book Shoppe.
 30950 | Bazaar   | Found Zanofywa's Jewellery Emporium.
 30950 | Bazaar   | Found Meureete's Magic Scroll Shoppe.
 30972 | Bazaar   | Found Kilel's Weapon Emporium.
 31063 | Bazaar   | Bought a glowing cloak for 142 gold pieces
 31110 | Bazaar   | Bought a scroll of acquirement for 676 gold pieces
 31110 | Bazaar   | Acquired 1293 gold pieces
 31130 | Bazaar   | Bought a ring of protection from cold for 200 gold pieces
 31145 | Bazaar   | Bought a book of the Earth for 600 gold pieces
 31165 | Bazaar   | Bought a scroll of teleportation for 39 gold pieces
 31165 | Bazaar   | Bought a scroll of enchant weapon for 97 gold pieces
 31165 | Bazaar   | Bought a scroll of teleportation for 39 gold pieces
 31165 | Bazaar   | Bought a scroll of enchant armour for 97 gold pieces
 31165 | Bazaar   | Bought a scroll of fog for 26 gold pieces
 31165 | Bazaar   | Bought a scroll of teleportation for 39 gold pieces
 31165 | Bazaar   | Bought a scroll of teleportation for 39 gold pieces
 31165 | Bazaar   | Bought a scroll of enchant armour for 97 gold pieces
 31301 | Snake:1  | Gained mutation: You are partially covered in sharp spines.
                  | [demonic ancestry]
 31301 | Snake:1  | Reached XP level 16. HP: 123/123 MP: 11/33
 32956 | Snake:2  | Offered knowledge of Ignition by Vehumet.
 32966 | Snake:2  | Learned a level 8 spell: Ignition
 33590 | Snake:2  | Reached skill level 15 in Conjurations
 34221 | Snake:2  | Found Adghipro's Jewellery Boutique.
 34235 | Snake:2  | Reached skill level 5 in Armour
 34650 | Snake:3  | Noticed Vashnia
 34660 | Snake:3  | Killed Vashnia
 35054 | Snake:3  | Reached XP level 17. HP: 131/131 MP: 28/35
 35600 | Snake:4  | Entered Level 4 of the Snake Pit
 35633 | Snake:4  | Offered knowledge of Fire Storm by Vehumet.
 35633 | Snake:4  | Offered knowledge of Chain Lightning by Vehumet.
 35633 | Snake:4  | Offered knowledge of Polar Vortex by Vehumet.
 36219 | Snake:4  | Found Biwir's Firing Range.
 36768 | Snake:4  | Reached skill level 15 in Spellcasting
 37698 | Snake:4  | Got a serpentine rune of Zot
 38538 | Elf:1    | Entered Level 1 of the Elven Halls
 38732 | Vaults:1 | Entered Level 1 of the Vaults
 39120 | Vaults:1 | Gained mutation: You are completely covered in molten
                  | scales. (AC +4, rF+) [demonic ancestry]
 39120 | Vaults:1 | Reached XP level 18. HP: 140/140 MP: 19/37
 39740 | Vaults:1 | Reached skill level 15 in Earth Magic
 41598 | Vaults:2 | Learned a level 9 spell: Shatter
 41997 | Vaults:2 | Noticed Boris
 42403 | Vaults:2 | Gained mutation: When low on magic, you restore magic in
                  | place of health. [demonic ancestry]
 42403 | Vaults:2 | Reached XP level 19. HP: 150/150 MP: 18/38
 42812 | Vaults:2 | Killed Boris
 42913 | Vaults:2 | Identified the +5 ring mail "Jeinupn" {Rampage rPois}
 42954 | Vaults:2 | Found a staircase to the Crypt.
 43305 | Vaults:3 | Found Womya's Distillery.
 43311 | Vaults:3 | Bought a potion of magic for 160 gold pieces
 43311 | Vaults:3 | Bought a potion of brilliance for 80 gold pieces
 43311 | Vaults:3 | Bought a potion of haste for 200 gold pieces
 43652 | Vaults:3 | Found Fofoquticw's Assorted Antiques.
 43863 | Vaults:3 | Found Iparau's Weapon Shoppe.
 43863 | Vaults:3 | Found Elutes's Weapon Shop.
 44802 | Vaults:4 | Found a flickering gateway to a bazaar.
 44812 | Bazaar   | Entered a bazaar
 44830 | Bazaar   | Found Hosteykach's Distillery.
 44846 | Bazaar   | Found Seusoom's Magic Scroll Shoppe.
 44846 | Bazaar   | Found Bucuqou's Antique Weapon Emporium.
 44867 | Bazaar   | Found Nimilyu's Armour Emporium.
 44889 | Bazaar   | Acquired the +18 shield of the Gong {rElec rN+ Will+ EV-5}
 44889 | Bazaar   | Found the +18 shield of the Gong {rElec rN+ Will+ EV-5}
 44891 | Bazaar   | Acquired 557 gold pieces
 44913 | Bazaar   | Bought a scroll of acquirement for 676 gold pieces
 44913 | Bazaar   | Acquired the +2 pair of gloves of the Invisible Hand
                  | {Int+3}
 44979 | Bazaar   | Bought a potion of magic for 152 gold pieces
 45095 | Vaults:4 | Found Quelut's Assorted Antiques.
 45469 | Vaults:4 | Gained mutation: Your presence sometimes corrodes those you
                  | injure. [demonic ancestry]
 45469 | Vaults:4 | Reached XP level 20. HP: 160/160 MP: 40/40
 45718 | Vaults:4 | Found Ixzupini's Book Shop.
 45805 | Vaults:4 | Reached skill level 5 in Shields
 46273 | Vaults:4 | Found Meizxuh's General Store.
 46357 | Vaults:4 | Found Mucvoomo's Assorted Antiques.
 46716 | Swamp:1  | Entered Level 1 of the Swamp
 46833 | Swamp:1  | Learned a level 5 spell: Borgnjor's Vile Clutch
 46944 | Swamp:1  | Reached skill level 15 in Fighting
 47078 | Swamp:1  | Noticed Louise
 47085 | Swamp:1  | Killed Louise
 47534 | Swamp:2  | Found a runed translucent door.
 47534 | Swamp:2  | Noticed popps's ghost (adept MiBe)
 47557 | Swamp:2  | Killed popps's ghost
 47918 | Swamp:3  | Found an iron altar of Okawaru.
 48606 | Swamp:4  | Entered Level 4 of the Swamp
 48823 | Swamp:4  | Gained mutation: Your presence sometimes corrodes or
                  | deforms those you injure. [demonic ancestry]
 48823 | Swamp:4  | Reached XP level 21. HP: 168/168 MP: 25/42
 49057 | Swamp:4  | Got a decaying rune of Zot
 49682 | Depths:1 | Entered Level 1 of the Depths
 50277 | Depths:1 | Found Vaxoak's General Store.
 50966 | Depths:1 | Found a gateway to Hell.
 51236 | Depths:2 | Noticed a juggernaut
 51242 | Depths:2 | Killed a juggernaut
 51848 | Depths:2 | Found a gateway to a ziggurat.
 51931 | Depths:2 | Noticed Aizul
 51943 | Depths:2 | Killed Aizul
 51944 | Depths:2 | Reached XP level 22. HP: 178/178 MP: 24/44
 52138 | Depths:2 | Found a one-way gate to the infinite horrors of the Abyss.
 52529 | Depths:3 | Noticed Boris
 52546 | Depths:3 | Killed Boris
 52581 | Depths:3 | Noticed Xtahua
 52582 | Depths:3 | Killed Xtahua
 52659 | Depths:3 | Got Kikubaaqudgha's Handbook of Dark Arts
 52695 | Depths:3 | Got Nafube's Catalogue of Igneous Poisoning
 52704 | Depths:3 | Found a shimmering blue altar of Sif Muna.
 52723 | Depths:3 | Noticed a dread lich
 52724 | Depths:3 | Killed a dread lich
 52725 | Depths:3 | Killed a dread lich
 52761 | Depths:3 | Got the Papyrus of the Twisted Escort
 52777 | Depths:3 | Got the Almanac of Dark Arts
 52779 | Depths:3 | Got the Volume of Battle Magic and Calling
 53249 | Depths:3 | Found a one-way gate leading to the halls of Pandemonium.
 53318 | Depths:3 | Found Ruuh's Overcharged Wands.
 53825 | Depths:4 | Noticed a caustic shrike
 53828 | Depths:4 | Killed a caustic shrike
 53903 | Depths:4 | Found a runed translucent door.
 53910 | Depths:4 | Noticed Camaan's ghost (adept DgCj)
 53920 | Depths:4 | Killed Camaan's ghost
 53921 | Depths:4 | Reached skill level 10 in Shields
 53990 | Depths:4 | Found Jaesm's Antique Weapon Shop.
 54035 | Depths:4 | Found Ukued's Antique Armour Boutique.
 54036 | Depths:4 | Found Dautim's Antique Armour Shop.
 54053 | Depths:4 | Gained mutation: You are mostly covered in sharp spines.
                  | [demonic ancestry]
 54053 | Depths:4 | Reached XP level 23. HP: 184/184 MP: 36/46
 54508 | Depths:4 | Found a corrupted altar of Lugonu.
 54812 | Depths:5 | Entered Level 5 of the Depths
 54869 | Depths:5 | Found Uvoadah's Weapon Shoppe.
 54871 | Depths:5 | Found Norahada's Jewellery Shop.
 54886 | Depths:5 | Noticed Boris
 54896 | Depths:5 | Killed Boris
 54932 | Depths:5 | Found Ifoakaqe's Magic Scroll Shop.
 54958 | Depths:5 | Found a flickering gateway to a bazaar.
 54977 | Bazaar   | Entered a bazaar
 54979 | Bazaar   | Found Vusui's Antique Armour Shoppe.
 54991 | Bazaar   | Found Plog's Assorted Antiques.
 54994 | Bazaar   | Found Emarer's Magic Scroll Shoppe.
 55024 | Bazaar   | Found Gumnuqehah's Assorted Antiques.
 55032 | Bazaar   | Bought a potion of heal wounds for 150 gold pieces
 55032 | Bazaar   | Bought an opal ring for 150 gold pieces
 55062 | Bazaar   | Bought a scroll of blinking for 75 gold pieces
 55062 | Bazaar   | Bought a scroll of teleportation for 30 gold pieces
 55062 | Bazaar   | Bought a scroll of enchant armour for 75 gold pieces
 55062 | Bazaar   | Bought a scroll of magic mapping for 35 gold pieces
 55097 | Depths:5 | Found Exatelu's Distillery.
 55137 | Depths:5 | Found an ornate altar of the Wu Jian Council.
 55511 | Depths:5 | Got Minuxtoa's Guide on Harmful Calling
 56132 | Depths:5 | Found a gate to the Realm of Zot.
 56792 | Elf:1    | Learned a level 8 spell: Lehudib's Crystal Spear
 57234 | Elf:1    | Found Ekurin's Antique Armour Boutique.
 57694 | Elf:2    | Gained mutation: You can speak a Word of Chaos. [demonic
                  | ancestry]
 57694 | Elf:2    | Reached XP level 24. HP: 193/193 MP: 47/47
 57769 | Elf:2    | Found a runed translucent gate.
 57769 | Elf:2    | Found a runed translucent gate.
 57836 | Elf:2    | Noticed SlowGraham's ghost (veteran FoEE)
 57840 | Elf:2    | Identified the +1 robe of the Bagpipe {Int+3 Stlth+}
 57847 | Elf:2    | Found a runed translucent gate.
 57896 | Elf:2    | Killed SlowGraham's ghost
 58043 | Elf:2    | Found a runed translucent gate.
 58043 | Elf:2    | Found a runed translucent gate.
 58043 | Elf:2    | Found a runed translucent gate.
 58136 | Elf:2    | Identified the +7 falchion "Myivvuon" {chaos, rElec rPois
                  | Int-4 Dex-3}
 58706 | Elf:3    | Entered Level 3 of the Elven Halls
 58807 | Elf:3    | Found Foni's Jewellery Shop.
 58808 | Elf:3    | Found Adagh's Book Emporium.
 58809 | Elf:3    | Found Onaiseceg's Jewellery Shop.
 58878 | Elf:3    | Paralysed by an air elemental for 1 turns
 59183 | Elf:3    | Reached skill level 10 in Necromancy
 59398 | Elf:3    | Identified the +1 hand axe "Bulil" {vamp, rF++ Str+5 Int-5}
 59401 | Elf:3    | Identified the ring "Extumi" {AC+4 Int+4}
 59420 | Elf:3    | Identified the amulet of Sawuyqum {Spirit rC+ Will++}
 59424 | Elf:3    | Identified the +10 trident "Taofoof" {antimagic, rElec
                  | Stlth+}
 59424 | Elf:3    | Identified the ring of Xom's Whimsicality {rC++ Str+2
                  | Int+6}
 59442 | Elf:3    | Identified the amulet "Mijuucw" {Acrobat Fly rElec Will-
                  | rCorr}
 59452 | Elf:3    | Identified the ring of Koid {Fly rF- Int+7}
 59528 | Elf:3    | Identified the +1 chain mail "Reka" {*Corrode Will- Int+2
                  | Dex+10}
 59598 | Elf:3    | Identified the ring "Miozxuh" {rN+ Int+2 Stlth+}
 59622 | Elf:3    | Identified the +10 hunting sling "Atiurr" {freeze, Str+4}
 60427 | Vaults:5 | Entered Level 5 of the Vaults
 60429 | Vaults:5 | Noticed Frederick
 60433 | Vaults:5 | Killed Frederick
 60511 | Vaults:5 | Reached XP level 25. HP: 195/201 MP: 39/48
 60513 | Vaults:5 | Noticed a dread lich
 60513 | Vaults:5 | Noticed a dread lich
 60515 | Vaults:5 | Killed a dread lich
 60515 | Vaults:5 | Killed a dread lich
 60544 | Vaults:5 | Noticed a dread lich
 60547 | Vaults:5 | Killed a dread lich
 60599 | Vaults:5 | Noticed an ancient lich
 60602 | Vaults:5 | Killed an ancient lich
 60671 | Vaults:5 | Noticed a dread lich
 60674 | Vaults:5 | Killed a dread lich
 60767 | Vaults:5 | Identified the amulet of Vyumo {Acrobat rElec}
 60960 | Vaults:5 | Got the Volume of the Spatial Frostbite
 61242 | Vaults:5 | Identified the +2 whip of Butchery {holy, rElec rF+ Dex+2}
 61298 | Vaults:5 | Identified the +7 plate armour of the Original Sin {-Cast
                  | rElec rF++ rCorr}
 61300 | Vaults:5 | Identified the +8 giant club of Sunlight {elec, rF+ Str+2}
 61515 | Vaults:5 | Got a silver rune of Zot
 61636 | Vaults:5 | Identified the +1 trident of Asisyme {holy, rCorr}
 61734 | Vaults:5 | Identified the +1 pair of gloves of Pan-Flutes {Drain rN+++
                  | Dex+3 Stlth-}
 61866 | Vaults:4 | Bought a Necronomicon for 840 gold pieces
 61866 | Vaults:4 | Bought a book of Party Tricks for 450 gold pieces
 61954 | Vaults:3 | Bought a faintly glowing scale mail for 252 gold pieces
 61954 | Vaults:3 | Identified the +4 scale mail of Quagock {Str-2 Int+7} (You
                  | bought it in a shop on level 3 of the Vaults)
 62189 | Depths:4 | Bought a crude ring mail for 450 gold pieces
 62189 | Depths:4 | Identified the +0 ring mail "Tinu" {rCorr} (You bought it
                  | in a shop on level 4 of the Depths)
 62192 | Depths:4 | Bought a heavily runed ring mail for 468 gold pieces
 62192 | Depths:4 | Identified the +6 ring mail of Words of Power {*Slow Will+
                  | Str+6} (You bought it in a shop on level 4 of the Depths)
 62192 | Depths:4 | Bought a runed ring mail for 364 gold pieces
 62550 | Slime:1  | Entered Level 1 of the Pits of Slime
 62648 | Slime:3  | Noticed Dissolution
 62657 | Slime:3  | Killed Dissolution
 62720 | Slime:4  | Gained mutation: You are completely covered in sharp
                  | spines. [demonic ancestry]
 62720 | Slime:4  | Reached XP level 26. HP: 211/211 MP: 38/48
 62788 | Slime:5  | Entered Level 5 of the Pits of Slime
 62915 | Slime:5  | Noticed the Royal Jelly
 62921 | Slime:5  | Killed the Royal Jelly
 63068 | Slime:5  | Got a slimy rune of Zot
 63069 | Slime:5  | Identified the +5 war axe of Makhleb's Condemnation {venom,
                  | Fragile rElec Str+8}
 63093 | Slime:5  | Identified the ring of Fing {rPois rF+ rC+ Int+6 Dex-4}
 63104 | Slime:5  | Found the +3 hat of Pondering {ponderous, Will+ MP+10
                  | Int+5}
 63111 | Slime:5  | Identified the +6 hunting sling of Aptim {speed, Dex+2}
 63119 | Slime:5  | Identified the +3 lajatang of Vool {vorpal, rElec rC- Int+8
                  | SInv}
 63153 | Slime:5  | Identified the +6 triple sword "Opnech" {antimagic, *Rage
                  | Str+6 Stlth+}
 63238 | Slime:5  | Reached skill level 15 in Necromancy
 63709 | D:14     | Learned a level 8 spell: Infestation
 63870 | Depths:2 | Voluntarily entered the Abyss.
 64462 | Abyss:3  | Got an abyssal rune of Zot
 64487 | Depths:2 | Escaped the Abyss
 64545 | Hell     | Entered the Vestibule of Hell
 64545 | Hell     | Noticed Geryon
 64552 | Hell     | Killed Geryon
 64672 | Hell     | Found a gateway to the decaying netherworld of Tartarus.
 64709 | Tar:1    | Entered Level 1 of Tartarus
 64919 | Tar:2    | Reached XP level 27. HP: 210/219 MP: 46/49
 65567 | Tar:7    | Entered Level 7 of Tartarus
 65575 | Tar:7    | Noticed a dread lich
 65576 | Tar:7    | Noticed the Serpent of Hell
 65577 | Tar:7    | Killed a dread lich
 65577 | Tar:7    | Noticed an ancient lich
 65579 | Tar:7    | Noticed Ereshkigal
 66153 | Tar:7    | Killed an ancient lich
 66154 | Tar:7    | Reached skill level 15 in Shields
 66160 | Tar:7    | HP: 7/221 [reaper (32)]
 66161 | Tar:7    | Annihilated by a reaper

Illustrated notes

Levels and vault maps discovered:
D:1:      minmay_arrival_three_doors, layout_basic,
          shapermc_ecumenical_altar_notcrosses, chequers_serial_rivers_micro_a
D:2:      layout_loops_corners, serial_shops, shop_statue,
          minmay_divided_ellipse, uniq_crazy_yiuf_cottage
D:3:      layout_loops_ring, mainiacjoe_overflow_cross_hatched,
          lemuel_coloured_pillars_altar, elyvilon_altar_5,
          fedhas_altar_fruit_tree, kennysheep_generic_room_12
D:4:      layout_loops_corners, serial_shops, nicolae_shop_trees,
          nicolae_diamond_shop, nicolae_stop_n_shop_2, shop, shop,
          chequers_ossuary_entry_cave, ebering_ghost_sewer_d, minmay_box_of_dots
D:5:      layout_layer_cave, cheibrodos_sewer_entry_drain,
          hellmonk_ghost_happy_afterlife
D:6:      layout_basic, pdpol_temple_overflow_zin_treasury_gozag_greed,
          temple_fountains, uniq_edmund
D:7:      layout_basic, led_sif_pool, serial_shops, kennysheep_mini_moat,
          gammafunk_ghost_nasty_kobolds
D:8:      layout_loops_cross, mainiacjoe_overflow_24_doors,
          dk_yredelemnul_ordeal, ashenzari_altar_1
D:9:      layout_rooms, mainiacjoe_overflow_brackets, serial_shops,
          shop_fountains
D:10:     layout_roguey, general_overflow_altar, mainiacjoe_overflow_boulevard,
          dpeg_lair_monsters, serial_rivers, chequers_serial_rivers_small_b,
          chequers_serial_rivers_large_a, chequers_serial_rivers_micro_c,
          chequers_serial_rivers_room_b, chequers_serial_rivers_small_3,
          uniq_urug
D:11:     layout_loops_ring, kennysheep_orc_monster_closet_entryway,
          trog_antimagical, uniq_psyche
D:12:     layout_loops_corners, portal_ice_cave_rime, drop_trap,
          fungi_pond_lemuel
D:13:     layout_stronghold
D:14:     layout_roguey, david_vaults_4, chequers_arboretum,
          minmay_misc_feat_roman
D:15:     grunt_enter_depths_snipers, layout_gridville, serial_rivers,
          chequers_serial_rivers_micro_b, chequers_serial_rivers_micro_c,
          chequers_serial_rivers_marsh, chequers_serial_rivers_small_a
Temple:   nicolae_temple_figure_zero
Lair:1:   layout_cave_pods
Lair:2:   layout_cave_pods, swamp_mist_pool, minmay_lair_oklob_chamber,
          serial_bayou_shore_a
Lair:3:   layout_roguey
Lair:4:   layout_small_grid, minmay_snake_entry_spellcaster
Lair:5:   layout_regular_city, dpeg_slime_entry_enclosed_altar,
          nicolae_volcano_entry_s_turn, grunt_megastairs_5
Lair:6:   grunt_lair_end_beastmaster, layout_gridlike, serial_bayou_pond_d,
          grunt_megastairs_4
Swamp:1:  layout_basic_swamp, evilmike_swamp_ruin_house_6, uniq_louise
Swamp:2:  layout_falls_marsh, ebering_ghost_inner_flame,
          nicolae_swamp_stair_fork
Swamp:3:  layout_basic_swamp, nicolae_swamp_round_clearing,
          nicolae_swamp_godswood
Swamp:4:  swamp_alternative, layout_basic_swamp, swamp_pool2,
          nzn_swamp_dancing_lights
Snake:1:  layout_basic, serial_shops, freezing_bzr, drop_trap
Snake:2:  layout_layer_cave, serial_shops, nicolae_stop_n_shop_2,
          hangedman_snake_wide_pillar_pass
Snake:3:  layout_rooms, lemuel_fruit_tree, uniq_vashnia
Snake:4:  grunt_snake_rune_spirals, layout_onion_interference,
          nicolae_shop_firing_range
Slime:1:  layout_caves
Slime:2:  layout_caves, cheibrodos_slime_lost_civilization_5
Slime:3:  layout_caves, dissolution_awaits
Slime:4:  layout_caves
Slime:5
Orc:1:    nicolae_orc_accident_2, layout_caves, library_closet, roderic_batcave
Orc:2:    st_orc_elflike, layout_caves, biasface_ghost_orc_armoury
Elf:1:    nicolae_elf_arrival_fired_up, layout_geoelf_octagon, serial_shops,
          nicolae_lakefront_shop, hangedman_corner_corridor
Elf:2:    elven_hall_of_blades_hangedman_original
          [nicolae_blade_entry_hurt_lockers], layout_geoelf_octagon,
          gammafunk_ghost_split
Elf:3:    minmay_elf_hall_not_hex, layout_geoelf_grid, due_unseen_surprise,
          grunt_megastairs_1, minmay_shop_grove
Vaults:1: ontoclasm_vaults_misaligned, v_misc_18, hangedman_vaults_stitches,
          ontoclasm_vaults_idyll, vaults_room_pool, vaults_dpeg_doors,
          v_misc_29, nicolae_vaults_rhombus_5, vaults_room_door_hall,
          nicolae_vaults_statue_guard, vaults_dpeg_cross,
          layout_vaults_omnicross
Vaults:2: vaults_dpeg_hooks, minmay_crypt_entry_simple_box, v_rooms_1,
          nicolae_vaults_little_ls, vaults_mumra_chevron_long,
          vaults_mumra_minichess_inversion, nicolae_vaults_ninety_degrees,
          v_pattern_3, v_alt_pattern_5, ontoclasm_vaults_ligature,
          hangedman_vaults_stream, vaults_room_pools, v_alt_pattern_4,
          nicolae_vaults_little_squares_3, ontoclasm_vaults_pinch,
          hangedman_vaults_stretched_pinwheel, st_lines, layout_vaults_maze,
          uniq_boris
Vaults:3: nicolae_vaults_little_squares_2, nicolae_vaults_little_squares_2,
          v_misc_27, nicolae_vaults_lopsided_apartments, v_rooms_2, v_misc_32,
          nicolae_vaults_three_branches, vaults_room_octagon, vaults_mumra_lcd,
          ontoclasm_vaults_hangar, layout_vaults_ring, serial_shops, shop, shop,
          shop, shop
Vaults:4: st_quartered_hall, v_misc_4, grunt_vaults_hallway_long,
          ontoclasm_vaults_twist, v_misc_10, vaults_room_hallway,
          hangedman_vaults_maws, vaults_room_fours, layout_vaults_omnigrid,
          serial_shops, bzr_in_the_mist, shop_statue, nicolae_shop_statue_plus,
          nicolae_diamond_shop, shop_fountains
Vaults:5: uniq_frederick
Depths:1: layout_gridville, hellmouth_1, hangedman_decor_opposing, serial_shops,
          shop, kennysheep_generic_room_7, grunt_megastairs_3
Depths:2: minmay_the_grid_net [minmay_the_grid_pillar_ring,
          minmay_the_grid_airy, minmay_the_grid_eight,
          minmay_the_grid_minigrid_small, minmay_the_grid_tree,
          minmay_the_grid_prize_big_room], layout_basic, enter_ziggurat_b,
          hangedman_abyss_entry_splay, hell_entry,
          chequers_serial_rivers_room_b, infiniplex_staircase_pool_2, uniq_aizul
Depths:3: evilmike_library_of_no_secrets, layout_basic, hellmouth_2,
          wad_floor_pattern_untrapped, rand_demon_pan_entry_9,
          nicolae_shop_overcharged_wands, uniq_xtahua
Depths:4: minmay_diamond_stairs, layout_cave_shapes, abyss_entry_flame_altar,
          ebering_ghost_reflecting_pool, pf_coc_iceberg, kennysheep_path_1,
          minmay_shop_star
Depths:5: grunt_zot_entry_hairpin, layout_cave_shapes, hellmouth_3, abyss_entry,
          pan_entry, serial_shops, bzr_entry_gold, shop, shop,
          nicolae_shop_waterfront, nicolae_shop_stone,
          nicolae_wu_jian_immortal_techniques
Hell
Tar:1:    layout_grid_maze
Tar:2:    layout_grid_maze
Tar:3:    layout_cathedral_of_symmetry, lemuel_nasty_pond
Tar:4:    layout_cathedral_of_symmetry
Tar:5:    layout_catacombs, nicolae_tar_cuneiform_to_be,
          nicolae_tar_cuneiform_water
Tar:6:    layout_honeycomb, nicolae_tar_cuneiform_water
Tar:7:    tar_grunt_cathedral

Skill      XL: |  1  2  3  4  5  6  7  8  9 10 11 12 13 14 15 16 17 18 19 20 21 22 23 24 25 26 27 |
---------------+----------------------------------------------------------------------------------+-----
Stealth        | 2 5 |  5.0
Dodging        | 2 3 |  3.1
Necromancy     | 5 8 11 14 16 18 | 18.1
Spellcasting   | 3 4 5 6 8 9 10 11 12 13 14 15 16 17 18 19 20 21 22 23 | 23.4
Fighting       | 1 2 3 4 5 6 7 8 9 10 11 12 13 14 15 16 17 18 19 | 19.1
Conjurations   | 1 3 4 6 8 9 10 11 12 13 14 15 | 15.7
Earth Magic    | 1 2 3 4 6 7 9 10 11 12 13 14 16 17 18 19 20 21 22 23 | 23.0
Short Blades   | 1 3 4 5 |  5.0
Fire Magic     | 3 5 |  5.0
Armour         | 2 4 5 7 |  7.0
Shields        | 2 4 6 8 10 11 12 13 15 | 15.0

Action                   |  1- 3 |  4- 6 |  7- 9 | 10-12 | 13-15 | 16-18 | 19-21 | 22-24 | 25-27 || total
-------------------------+-------+-------+-------+-------+-------+-------+-------+-------+-------++-------
Melee: Short sword       |    33 |    99 |    75 |       |       |       |       |       |       ||   207
       Rapier            |       |       |       |    32 |     6 |     4 |     3 |       |       ||    45
       Staff             |       |       |       |     4 |    13 |       |     2 |     4 |    22 ||    45
Throw: Stone             |     2 |     3 |     3 |     1 |       |       |     1 |       |       ||    10
       Boomerang         |       |    28 |       |       |       |       |       |       |       ||    28
       Dart              |       |       |    18 |    64 |    25 |       |       |       |       ||   107
       Javelin           |       |       |       |     1 |       |       |       |       |       ||     1
 Cast: Pain              |    59 |    55 |    25 |       |     1 |       |       |       |       ||   140
       Animate Skeleton  |     6 |     2 |    40 |    39 |    88 |    47 |    58 |    29 |       ||   309
       Vampiric Draining |     1 |     3 |       |     1 |       |       |       |       |       ||     5
       Sandblast         |       |    18 |   109 |    56 |    69 |    18 |     8 |     2 |    19 ||   299
       Stone Arrow       |       |     3 |    89 |   154 |    18 |       |       |       |       ||   264
       Mephitic Cloud    |       |       |    32 |    45 |    26 |       |     3 |       |       ||   106
       Bolt of Magma     |       |       |       |     8 |    29 |     5 |    22 |     5 |     8 ||    77
       Iron Shot         |       |       |       |    40 |   148 |   173 |   292 |   228 |   197 ||  1078
       Lee's Rapid Decon |       |       |       |       |   315 |   362 |   314 |   260 |   103 ||  1354
       Orb of Destructio |       |       |       |       |     1 |     3 |     2 |       |     6 ||    12
       Sublimation of Bl |       |       |       |       |       |     3 |     1 |       |     9 ||    13
       Borgnjor's Vile C |       |       |       |       |       |       |    21 |    30 |     2 ||    53
       Shatter           |       |       |       |       |       |       |     2 |    32 |   164 ||   198
       Lehudib's Crystal |       |       |       |       |       |       |       |     3 |    62 ||    65
Evoke: Wand              |       |     9 |    15 |    19 |     7 |     5 |     9 |       |       ||    64
       Lightning rod     |       |       |       |       |       |       |     1 |     1 |       ||     2
       Phantom mirror    |       |       |       |       |       |       |       |     1 |       ||     1
       Condenser vane    |       |       |       |       |       |       |       |       |     1 ||     1
  Use: Scroll            |     4 |     8 |     8 |     8 |    16 |       |     5 |     3 |     3 ||    55
       Potion            |       |     2 |     3 |     3 |     4 |       |     1 |     3 |     6 ||    22
 Stab: Sleeping          |       |     4 |       |       |       |       |       |       |       ||     4
       Invisible         |       |       |     1 |       |       |       |       |       |       ||     1
       Confused          |       |       |    11 |     1 |       |       |       |       |       ||    12
Armor: Robe              |    18 |    27 |    18 |     1 |     4 |     8 |       |       |       ||    76
       Steam dragon scal |       |       |       |    26 |    17 |       |       |       |       ||    43
       Leather armour    |       |       |       |       |     1 |     9 |    26 |    15 |    38 ||    89
       Acid dragon scale |       |       |       |       |       |       |       |       |     9 ||     9
Dodge: Dodged            |    35 |    70 |    66 |    71 |    46 |    48 |    40 |    34 |    34 ||   444
Block: Buckler           |       |       |       |       |       |    24 |    16 |    12 |     6 ||    58
       Reflection        |       |       |       |       |       |       |       |     1 |     1 ||     2
       Kite shield       |       |       |       |       |       |       |       |       |   153 ||   153
